 Dungeon Crawl Stone Soup version 0.20.1-1-g8b1a95d (webtiles) character file.

10870 jussius the Fighter (level 12, -2/92 HPs)
             Began as a Human Fighter on Sept 26, 2017.
             Was an Elder of Okawaru.
             Slain by an 11-headed hydra (4 damage)
             ... on level 2 of the Lair of Beasts on Sept 27, 2017.
             The game lasted 02:01:49 (14154 turns).

jussius the Fighter (Human Fighter)                Turns: 14154, Time: 02:01:51

Health: -2/92      AC: 17    Str: 20    XL:     12   Next: 0%
Magic:  0/16       EV: 13    Int:  9    God:    Okawaru [****..]
Gold:   551        SH:  0    Dex: 20    Spells: 11/11 levels left

rFire    + + .     SeeInvis .   N - +8 glaive of Vaelotit {chop, -Tele rF+ Dex+4}
rCold    . . .     Gourm    .   (shield currently unavailable)
rNeg     + . .     Faith    .   S - +0 plate armour
rPois    .         Spirit   +   (helmet restricted)
rElec    .         Reflect  .   y - +0 cloak
rCorr    .         Harm     .   (no gloves)
MR       .....     NoTele   +   (no boots)
Stlth    +.........             L - amulet of guardian spirit
Regen    0.3/turn               e - ring of positive energy
MPRegen  0.2/turn               D - ring of protection from fire

@: heroism, finesse
A: horns 1, agile 1
a: Heroism, Renounce Religion


You were on level 2 of the Lair of Beasts.
You worshipped Okawaru.
Okawaru was greatly pleased with you.
You were hungry.

You visited 3 branches of the dungeon, and saw 12 of its levels.
You also visited: Sewer and Ossuary.

You collected 551 gold pieces.

Inventory:

Hand Weapons
 a - a +0 dire flail of crushing
 u - a +4 dagger of draining
 x - a +4 flail of protection
 N - the +8 glaive of Vaelotit (weapon) {chop, -Tele rF+ Dex+4}
   (You found it on level 1 of the Lair of Beasts)

   It inflicts extra damage upon your enemies.
   It affects your dexterity (+4).
   It protects you from fire.
   It prevents most forms of teleportation.
Missiles
 g - 100 sling bullets
 i - 16 tomahawks (quivered)
 l - 295 stones
 p - 5 poisoned javelins
 t - 32 poisoned needles
 A - 104 arrows
 E - 83 bolts
Armour
 c - a +1 shield
 y - a +0 cloak (worn)
 F - a +1 ring mail of positive energy
 I - a +1 robe of positive energy
 K - a +1 leather armour of cold resistance
 S - a +0 plate armour (worn)
Jewellery
 b - an uncursed amulet of faith
 e - a ring of positive energy (left hand)
 D - a ring of protection from fire (right hand)
 L - an amulet of guardian spirit (around neck)
 V - an uncursed ring of wizardry
Wands
 j - a wand of iceblast (4/15)
 r - a wand of polymorph (12/24)
 M - a wand of confusion (7/48)
 Q - a wand of flame (21/48)
 T - a wand of clouds (2/9)
Scrolls
 h - 2 scrolls of teleportation
 m - 5 scrolls of identify
 s - 4 scrolls of amnesia
 z - 8 scrolls of remove curse
 C - 2 scrolls of immolation
 G - 2 scrolls of summoning
 O - a scroll of enchant armour
Potions
 d - a potion of might
 k - 2 potions of brilliance
 n - 3 potions of flight
 v - 5 potions of curing
 B - 4 potions of agility
 J - 2 potions of mutation
Books
 H - a book of Conjurations

   Spells                             Type                      Level
   a - Magic Dart                     Conjuration                  1
   b - Searing Ray                    Conjuration                  2
   c - Dazzling Spray                 Conjuration/Hexes            3
   d - Fulminant Prism                Conjuration/Hexes            4
   e - Force Lance                    Conjuration/Translocation    4
   f - Iskenderun's Mystic Blast      Conjuration                  4
Comestibles
 f - 8 bread rations
 o - 5 fruits
 q - 3 royal jellies
 P - 2 meat rations


   Skills:
 * Level 8.0(13.0) Fighting
 - Level 2.8(8.8) Short Blades
   Level 3.8(9.2) Long Blades
 - Level 7.5(12.5) Maces & Flails
 * Level 1.9(6.9) Polearms
 - Level 2.0(7.0) Throwing
 + Level 7.7(12.7) Armour
 + Level 5.4(10.4) Dodging
 + Level 5.9(10.9) Stealth
 - Level 6.2(11.2) Shields
 + Level 5.6 Invocations
 + Level 4.1 Evocations


You had 11 spell levels left.
You didn't know any spells.

Dungeon Overview and Level Annotations

Branches:
Dungeon (9/15)             Temple (1/1) D:5            Lair (2/6) D:9
  Swamp: Lair:2-4    Shoals: Lair:2-4     Snake: Lair:2-4    Spider: Lair:2-4
    Orc: D:9-12

Altars:
Ashenzari
Cheibriados
Dithmenos
Fedhas
Hepliaklqana
Kikubaaqudgha
Makhleb
Nemelex Xobeh
Okawaru
Qazlal
Ru
Sif Muna
Uskayaw
Vehumet
Xom
Yredelemnul
The Shining One


Innate Abilities, Weirdness & Mutations

You have a pair of small horns on your head.
You are agile. (Dex +2)


Message History

The ten-headed hydra barely misses you.
The ten-headed hydra bites you but does no damage.
The ten-headed hydra closely misses you.
The ten-headed hydra bites you but does no damage.
The ten-headed hydra bites you!
* * * LOW HITPOINT WARNING * * *
The ten-headed hydra bites you but does no damage. x3
You lop one of the ten-headed hydra's heads off!
The nine-headed hydra grows two more!
You slice the 11-headed hydra!!
You headbutt the 11-headed hydra, but do no damage.
The 11-headed hydra is severely wounded.
The 11-headed hydra barely misses you.
The 11-headed hydra bites you but does no damage. x2
The 11-headed hydra bites you.
* * * LOW HITPOINT WARNING * * *
The 11-headed hydra bites you but does no damage. x2
The 11-headed hydra closely misses you.
The 11-headed hydra bites you but does no damage.
The 11-headed hydra misses you. The 11-headed hydra bites you.
You die...

######
##≈≈≈≈##################
#.≈≈≈≈P..≈#≈..≈≈@.≈≈P≈.#
#P≈≈≈≈≈.P≈#≈≈†≈≈#D.≈P≈≈#
#.≈≈≈≈≈≈.≈#'###.#..≈≈P.#
...≈≈≈≈≈.P≈.≈#≈≈#≈P.≈P≈#
...≈≈≈≈≈≈P..≈#.≈#≈.≈..≈#
...P≈≈≈≈≈≈...#########.#
....≈≈≈≈≈≈≈....≈≈P. !#
....P≈≈≈≈≈≈.≈≈≈..PP #
......≈≈≈≈≈.≈≈≈≈≈≈≈


You could see a 11-headed hydra.

Vanquished Creatures
  2 death yaks (D:9)
  The ghost of Fandomethor the Summoner, a novice BaSu of Sif Muna (D:7)
  2 black mambas (Lair:2)
  2 spiny frogs
  A komodo dragon (Lair:1)
  3 hippogriffs
  A spriggan (D:7)
  10 yaks
  A wyvern (D:8)
  Edmund (D:5)
  Duvessa (D:4)
  3 water moccasins
  A porcupine (Lair:1)
  An ice beast (D:5)
  5 orc warriors
  2 black bears
  4 necrophages (D:8)
  3 sky beasts
  2 centaurs
  5 ogres
  2 crocodiles
  3 big kobolds
  5 bullfrogs
  3 scorpions
  Dowan (D:4)
  8 killer bees
  3 wights (D:7)
  A howler monkey (D:7)
  3 bullfrog zombies
  4 crimson imps
  2 centaur zombies (Ossuary)
  6 hounds
  3 orc priests
  3 jellies
  An iguana (D:9)
  3 orc wizards
  7 worker ants
  Ijyb (D:3)
  A killer bee zombie (Ossuary)
  A hound zombie (Ossuary)
  A hound skeleton (D:6)
  13 mummies
  A howler monkey zombie (Ossuary)
  3 worker ant zombies
  13 adders
  5 river rats
  2 oozes
  2 adder zombies
  A worm (D:2)
  2 adder skeletons
  A dart slug (D:2)
  4 leopard geckos
  24 orcs
  11 giant cockroaches
  3 goblins (D:1)
  9 hobgoblins
  8 jackals
  5 quokkas
  7 ball pythons
  5 bats
  3 frilled lizards
  A goblin zombie (D:7)
  27 kobolds
  A quokka skeleton (D:6)
  3 quokka zombies (Ossuary)
  32 rats
  A rat zombie (D:7)
  A fungus (Lair:2)
  A plant (D:7)
  6 withered plants (Ossuary)
308 creatures vanquished.

Vanquished Creatures (collateral kills)
  A withered plant (Ossuary)
1 creature vanquished.

Vanquished Creatures (others)
  A plant (Lair:2)
  2 withered plants (Ossuary)
3 creatures vanquished.

Grand Total: 312 creatures vanquished

Notes
Turn   | Place    | Note
-------+----------+-------------------------------------------
     0 | D:1      | jussius the Human Fighter began the quest for the Orb.
     0 | D:1      | Reached XP level 1. HP: 18/18 MP: 1/1
   307 | D:1      | Reached XP level 2. HP: 24/24 MP: 2/2
   846 | D:2      | Reached XP level 3. HP: 27/29 MP: 3/3
  1040 | D:2      | Reached XP level 4. HP: 31/35 MP: 4/4
  1329 | D:2      | Reached skill level 1 in Dodging
  1664 | D:3      | Reached XP level 5. HP: 33/41 MP: 5/5
  2012 | D:3      | Noticed Ijyb
  2017 | D:3      | Killed Ijyb
  2047 | D:3      | Found a glowing drain.
  2098 | Sewer    | Entered a sewer
  2138 | Sewer    | Noticed a big kobold
  2152 | Sewer    | Killed a big kobold
  2152 | Sewer    | Reached XP level 6. HP: 26/48 MP: 6/6
  2575 | Sewer    | Reached skill level 4 in Fighting
  3313 | D:4      | Noticed Duvessa
  3315 | D:4      | Noticed Dowan
  3337 | D:4      | Killed Dowan
  3361 | D:4      | Killed Duvessa
  3361 | D:4      | Reached skill level 1 in Stealth
  3361 | D:4      | Reached XP level 7. HP: 22/54 MP: 7/7
  3618 | D:4      | Reached skill level 1 in Short Blades
  4149 | D:5      | Entered Level 5 of the Dungeon
  4334 | D:5      | Reached XP level 8. HP: 50/61 MP: 8/8
  4398 | D:5      | Found a staircase to the Ecumenical Temple.
  4555 | Temple   | Entered the Ecumenical Temple
  4708 | Temple   | Became a worshipper of Warmaster Okawaru
  4786 | D:5      | Noticed Edmund
  4814 | D:5      | Killed Edmund
  5020 | D:5      | Reached skill level 1 in Maces & Flails
  5020 | D:5      | Reached skill level 1 in Invocations
  5259 | D:5      | Reached skill level 5 in Fighting
  5483 | D:6      | Reached * piety under Okawaru
  5483 | D:6      | Reached skill level 1 in Throwing
  5752 | D:6      | Gained mutation: You have a pair of small horns on your head. [potion of mutation]
  5752 | D:6      | Gained mutation: You are agile. (Dex +2) [potion of mutation]
  5752 | D:6      | Found a shadowy altar of Dithmenos.
  6027 | D:6      | Reached skill level 5 in Armour
  6083 | D:6      | Reached XP level 9. HP: 65/68 MP: 10/10
  6328 | D:7      | Noticed a hippogriff
  6341 | D:7      | Killed a hippogriff
  6341 | D:7      | Reached ** piety under Okawaru
  6341 | D:7      | Reached skill level 5 in Shields
  6471 | D:7      | Noticed Fandomethor's ghost (novice BaSu)
  6496 | D:7      | Killed Fandomethor's ghost
  6496 | D:7      | Reached skill level 5 in Maces & Flails
  6512 | D:7      | Found a sand-covered staircase.
  6533 | Ossuary  | Entered an ossuary
  6584 | Ossuary  | Reached *** piety under Okawaru
  7367 | D:7      | Reached XP level 10. HP: 47/76 MP: 12/12
  7824 | D:7      | Reached **** piety under Okawaru
  8024 | D:7      | Reached skill level 6 in Fighting
  8524 | D:8      | Reached skill level 1 in Evocations
  8804 | D:8      | Reached ***** piety under Okawaru
  9481 | D:9      | Noticed a death yak
  9486 | D:9      | Noticed a death yak
  9487 | D:9      | Noticed a death yak
 10394 | D:9      | Killed a death yak
 10394 | D:9      | Received a gift from Okawaru
 10394 | D:9      | Reached XP level 11. HP: 44/83 MP: 7/14
 10711 | D:9      | Reached skill level 5 in Stealth
 10718 | D:9      | Reached skill level 7 in Fighting
 10955 | D:9      | Found a staircase to the Lair.
 11150 | D:9      | Killed a death yak
 11523 | D:9      | Reached skill level 5 in Invocations
 11694 | Lair:1   | Entered Level 1 of the Lair of Beasts
 11788 | Lair:1   | Reached skill level 5 in Dodging
 11965 | Lair:1   | Got a translucent glaive
 11972 | Lair:1   | Identified the +8 glaive of Vaelotit {chop, -Tele rF+ Dex+4} (You found it on level 1 of the Lair of Beasts)
 12738 | Lair:2   | Reached skill level 1 in Polearms
 13662 | Lair:2   | Reached skill level 8 in Fighting
 13968 | Lair:2   | Reached XP level 12. HP: 55/92 MP: 9/16
 14139 | Lair:2   | Noticed a five-headed hydra
 14154 | Lair:2   | HP: 2/92 [11-headed hydra (3)]
 14154 | Lair:2   | Slain by an 11-headed hydra

Skill      XL: |  1  2  3  4  5  6  7  8  9 10 11 |
---------------+----------------------------------+-----
Long Blades    | 3 |  3.8
Dodging        | 1 2 3 4 5 |  5.4
Fighting       | 4 5 6 8 |  8.0
Armour         | 4 5 7 |  7.7
Stealth        | 1 2 3 4 5 |  5.9
Shields        | 4 5 6 |  6.2
Short Blades   | 2 |  2.8
Maces & Flails | 2 5 6 7 |  7.5
Invocations    | 2 3 4 5 |  5.6
Throwing       | 1 2 |  2.0
Evocations     | 2 4 |  4.1
Polearms       | 1 |  1.9

Action                   |  1- 3 |  4- 6 |  7- 9 | 10-12 || total
-------------------------+-------+-------+-------+-------++-------
Melee: Long sword        |    91 |   192 |       |       ||   283
       Dagger            |       |    87 |   107 |       ||   194
       Flail             |       |       |   410 |   503 ||   913
       Headbutt          |       |       |    79 |   139 ||   218
       Glaive            |       |       |       |    72 ||    72
Throw: Tomahawk          |       |       |     8 |       ||     8
       Stone             |       |       |     1 |       ||     1
Invok: Heroism           |       |       |     1 |    10 ||    11
       Finesse           |       |       |       |     3 ||     3
Evoke: Wand              |       |       |       |     3 ||     3
  Use: Scroll            |     6 |     5 |     6 |     9 ||    26
       Potion            |     1 |     5 |     3 |    18 ||    27
 Stab: Distracted        |       |       |     2 |       ||     2
       Sleeping          |       |       |     1 |     1 ||     2
  Eat: Chunk             |     1 |     7 |     5 |     7 ||    20
       Meat ration       |       |       |     2 |     2 ||     4
       Bread ration      |       |       |       |     1 ||     1
Armor: Scale mail        |    39 |   135 |    25 |       ||   199
       Ring mail         |       |       |   121 |   110 ||   231
       Plate armour      |       |       |       |   259 ||   259
Dodge: Dodged            |    21 |   100 |   152 |   272 ||   545
Block: Shield            |    49 |   183 |   190 |   323 ||   745
       Rpst.: Long sword |     4 |    22 |       |       ||    26
